 Dungeon Crawl Stone Soup version 0.25-a0-189-gf71692caf1 (webtiles) character file.

Game seed: 17575178989676328880, levelgen mode: deterministic

1316 floatRand the Shield-Bearer (level 8, 0/58 HPs)
             Began as a Formicid Fighter on Nov 30, 2019.
             Succumbed to a worker ant's poison
             ... on level 6 of the Dungeon.
             The game lasted 00:08:34 (5381 turns).

floatRand the Shield-Bearer (Formicid Fighter)      Turns: 5381, Time: 00:08:34

Health: 0/58       AC:  9    Str: 21    XL:     8   Next: 89%
Magic:  8/8        EV:  7    Int:  9    God:
Gold:   291        SH: 12    Dex: 11    Spells: 7/7 levels left

rFire    . . .     SeeInvis +   a - +0 war axe
rCold    . . .     Gourm    .   c - +1 shield
rNeg     + . .     Faith    .   k - +0 chain mail
rPois    .         Spirit   .   (helmet unavailable)
rElec    .         Reflect  .   (no cloak)
rCorr    .         Harm     .   (no gloves)
MR       .....                  (no boots)
Stlth    ..........             (no amulet)
HPRegen  0.19/turn              j - ring of positive energy
MPRegen  0.11/turn              (no ring)

@: lethally poisoned (0 -> -3), flying
A: permanent stasis, dig shafts and tunnels, four strong arms, antennae 3
a: Dig, Shaft Self


You were on level 6 of the Dungeon.
You were not hungry.

You visited 1 branch of the dungeon, and saw 6 of its levels.

You collected 291 gold pieces.

Inventory:

Hand Weapons
 a - a +0 war axe (weapon)
Missiles
 m - 5 silver javelins (quivered)
Armour
 b - a +0 scale mail
 c - a +1 shield (worn)
 k - a +0 chain mail (worn)
Jewellery
 j - a ring of positive energy (left hand)
 w - an uncursed amulet of faith
Wands
 v - a wand of random effects (22)
Scrolls
 e - a scroll of fear
 i - a scroll of identify
 p - 5 scrolls of teleportation
 q - 3 scrolls of remove curse
Potions
 d - a potion of might
 l - 3 potions of mutation
 n - a potion of degeneration {unknown}
 o - a potion of cancellation
 r - 2 potions of lignification
 s - a potion of heal wounds {unknown}
 t - a potion of flight
 u - a potion of magic {unknown}
Comestibles
 f - 8 rations
 h - a chunk of flesh


   Skills:
 - Level 3.2 Fighting
 + Level 6.1 Axes
 - Level 3.2 Armour
 + Level 7.5 Stealth
 + Level 7.9 Shields


You had 7 spell levels left.
You didn't know any spells.
Your spell library was empty.

Dungeon Overview and Level Annotations

Branches:
Dungeon (6/15)
 Temple: D:4-7

Altars:
Ashenzari
Dithmenos
Uskayaw


Innate Abilities, Weirdness & Mutations

You cannot be hasted, slowed, berserked, paralysed or teleported.
You can dig through walls and to a lower floor.
Your four strong arms can wield two-handed weapons with a shield.
You have a pair of large antennae on your head. (SInv)


Message History

You are very lightly contaminated with residual magic.
Okay, then.
You barely miss the orc warrior.
The orc warrior is severely wounded.
You slash the worker ant! The worker ant bites you.
* * * LOW HITPOINT WARNING * * *
You are lethally poisoned!
The worker ant poisons you! You block the orc warrior's attack.
It was a potion of cancellation.
Your magical effects are unravelling.
You feel magically purged.
Your magical contamination has completely faded away.
You flicker back into view.
* * * LOW HITPOINT WARNING * * *
You feel sick. You block the worker ant's attack.
You block the orc warrior's attack.
It was a potion of flight.
You feel very buoyant.
You fly up into the air.
You die...

###########
).[##..........
.....(o.)...#..
#@......#
#......a..#####
..(####.### #.#
###.########
.....#.....##
.......)....##
......)o.<...#
.............#


You could see an orc warrior and a worker ant.

Vanquished Creatures
  4 ogres
  A phantom (D:5)
  An ice beast (D:5)
  2 scorpions
  A howler monkey (D:4)
  A crimson imp (D:5)
  2 hounds (D:5)
  A jelly (D:5)
  2 bullfrog skeletons (D:5)
  2 orc priests (D:3)
  An iguana (D:4)
  Natasha (thrice) (D:3)
  3 orc wizards (D:5)
  2 worker ants
  A hound skeleton (D:4)
  4 adders
  A shadow imp (D:5)
  2 adder zombies
  An adder skeleton (D:5)
  4 worms
  3 dart slugs
  5 leopard geckos
  10 orcs
  2 ball pythons
  6 giant cockroaches
  8 goblins
  11 hobgoblins
  11 jackals
  2 quokkas (D:2)
  6 bats
  5 frilled lizards
  A jackal zombie (D:5)
  7 kobolds
  5 rats
121 creatures vanquished.

Notes
Turn   | Place    | Note
-------+----------+-------------------------------------------
     0 | D:1      | floatRand the Formicid Fighter began the quest for the Orb.
     0 | D:1      | Reached XP level 1. HP: 18/18 MP: 1/1
    84 | D:1      | Reached skill level 1 in Stealth
    84 | D:1      | Reached XP level 2. HP: 24/24 MP: 2/2
   228 | D:1      | Reached XP level 3. HP: 29/29 MP: 3/3
   903 | D:2      | Reached XP level 4. HP: 23/35 MP: 4/4
  1792 | D:3      | Noticed Natasha
  1807 | D:3      | Reached XP level 5. HP: 35/41 MP: 5/5
  1836 | D:3      | Killed Natasha
  2024 | D:3      | Noticed a +4 hand axe
  2024 | D:3      | Noticed a +0 hand axe
  2026 | D:3      | Found a hide-covered altar of Uskayaw.
  2112 | D:3      | Reached skill level 5 in Shields
  2128 | D:3      | Reached XP level 6. HP: 3/47 MP: 6/6
  2131 | D:3      | HP: 2/47 [poisoned by an adder]
  2139 | D:3      | HP: 1/47 [poisoned by an adder]
  2627 | D:3      | Noticed Natasha
  2695 | D:3      | Killed Natasha
  2868 | D:3      | Noticed Natasha
  2878 | D:3      | Killed Natasha
  2918 | D:4      | Noticed an ogre
  3453 | D:4      | Noticed an ogre
  3459 | D:4      | Killed an ogre
  3459 | D:4      | Reached skill level 5 in Stealth
  3459 | D:4      | Reached XP level 7. HP: 52/52 MP: 7/7
  3678 | D:4      | Found a shattered altar of Ashenzari.
  4018 | D:4      | Reached skill level 5 in Axes
  4534 | D:5      | Entered Level 5 of the Dungeon
  4548 | D:5      | Reached XP level 8. HP: 46/58 MP: 8/8
  4702 | D:5      | Found a shadowy altar of Dithmenos.
  5379 | D:6      | HP: 2/58 [worker ant (4)]
  5381 | D:6      | Succumbed to a worker ant's poison

Levels and vault maps discovered:
D:1:      kennysheep_arrival_forest, layout_basic
D:2:      layout_basic
D:3:      layout_basic, dancing_weapons_uskayaw, first_ration,
          minmay_diced_spiral, uniq_natasha
D:4:      layout_loops_corners, overflow_temple_1_default,
          minmay_misc_feat_doors
D:5:      layout_rooms, grunt_dithmenos_shadows
D:6:      layout_rooms, temple_statues

Skill      XL: |  1  2  3  4  5  6  7  8 |
---------------+-------------------------+-----
Stealth        | 1 2 3 5 6 7 |  7.5
Shields        | 4 5 6 7 |  7.9
Axes           | 3 4 5 6 |  6.1
Fighting       | |  3.2
Armour         | |  3.2

Action                   |  1- 3 |  4- 6 |  7- 9 || total
-------------------------+-------+-------+-------++-------
Melee: War axe           |   108 |   189 |   228 ||   525
Throw: Javelin           |       |     3 |     5 ||     8
  Use: Potion            |       |     1 |     3 ||     4
       Scroll            |       |    10 |     5 ||    15
  Eat: Chunk             |       |     8 |     7 ||    15
Armor: Scale mail        |    12 |       |       ||    12
       Chain mail        |    47 |    97 |   103 ||   247
Dodge: Dodged            |    35 |    40 |    62 ||   137
Block: Shield            |    51 |   111 |   109 ||   271

Table legend:
 A = Non-vault XP
 B = Vault XP
 C = Vault XP percentage of total XP
 D = Non-vault monster count
 E = Vault monster count
 F = Vault count percentage of total count
                 A         B        C        D         E       F
            +---------+---------+-------+---------+---------+-------
      Total |    1710 |     171 |   9.1 |     115 |       6 |   5.0
            +---------+---------+-------+---------+---------+-------
        D:1 |      40 |       0 |   0.0 |      22 |       0 |   0.0
        D:2 |      51 |       0 |   0.0 |      20 |       0 |   0.0
        D:3 |     255 |      47 |  15.6 |      29 |       5 |  14.7
        D:4 |     583 |       0 |   0.0 |      16 |       0 |   0.0
        D:5 |     654 |     124 |  15.9 |      24 |       1 |   4.0
        D:6 |     127 |       0 |   0.0 |       4 |       0 |   0.0
            +---------+---------+-------+---------+---------+-------
